 Dungeon Crawl Stone Soup version 0.23-a0-269-g65e0026 (webtiles) character file.

2856 mhoghedin the Shield-Bearer (level 10, -3/79 HPs)
             Began as a Formicid Fighter on Sept 30, 2018.
             Slain by a skeletal warrior
             ... wielding a +0 war axe
              (12 damage)
             ... on level 7 of the Dungeon.
             The game lasted 00:09:22 (5467 turns).

mhoghedin the Shield-Bearer (Formicid Fighter)      Turns: 5467, Time: 00:09:23

Health: -3/79      AC:  3    Str: 25 (26) XL:     10   Next: 4%
Magic:  10/10      EV: 13    Int:  5      God:
Gold:   318        SH: 11    Dex: 10      Spells: 9/9 levels left

rFire    . . .     SeeInvis +   p - +2 war axe (elec)
rCold    + . .     Gourm    .   c - +0 shield
rNeg     + . .     Faith    +   a - +0 robe "Moofopn" {rElec Regen+ Int-3}
rPois    +         Spirit   .   (helmet unavailable)
rElec    +         Reflect  .   (no cloak)
rCorr    .         Harm     .   y - +0 pair of gloves
MR       +....                  (no boots)
Stlth    +.........             i - amulet of faith {Faith, !P}
HPRegen  0.63/turn              h - ring of positive energy {rN+}
MPRegen  0.12/turn              (no ring)

@: no status effects
A: permanent stasis, dig shafts and tunnels, four strong arms, antennae 3, cold
resistance 1, deterioration 1, sense surroundings 1, poison resistance, strong
1, MP-powered wands
a: Dig, Shaft Self


You were on level 7 of the Dungeon.
You were not hungry.

You visited 1 branch of the dungeon, and saw 7 of its levels.

You collected 318 gold pieces.

Inventory:

Hand Weapons
 p - a +2 war axe of electrocution (weapon)
   (You found it on level 2 of the Dungeon)
Armour
 a - the +0 robe "Moofopn" (worn) {rElec Regen+ Int-3}
   (You found it on level 4 of the Dungeon)

   It affects your intelligence (-3).
   It insulates you from electricity.
   It increases your rate of regeneration.
 c - a +0 shield (worn)
 y - a +0 pair of gloves (worn)
   (You found it on level 3 of the Dungeon)
 F - the +5 ring mail of the Loofah {Int+4}
   (You found it on level 5 of the Dungeon)

   It affects your intelligence (+4).
 G - the +1 robe of the Tormentor {MR+ Int+5}
   (You found it on level 5 of the Dungeon)

   It affects your intelligence (+5).
   It affects your resistance to hostile enchantments.
Jewellery
 h - a ring of positive energy (left hand) {rN+}
   (You found it on level 1 of the Dungeon)
 i - an amulet of faith (around neck) {Faith, !P}
   (You found it on level 7 of the Dungeon)
Wands
 D - a wand of polymorph (22)
   (You found it on level 4 of the Dungeon)
Scrolls
 b - 2 scrolls of identify
 e - 3 scrolls of enchant weapon
 j - 2 scrolls of enchant armour {unknown}
 n - 2 scrolls of amnesia
 o - 4 scrolls of immolation {!r}
 q - 8 scrolls of remove curse
 t - 2 scrolls of fear {unknown}
 v - a scroll of fog {unknown}
 w - a scroll of random uselessness {unknown}
 z - a scroll of blinking {unknown}
 B - a scroll of teleportation {unknown}
 I - a scroll of magic mapping {unknown}
Potions
 d - a potion of might
 g - 6 potions of curing
 k - a potion of haste
 l - 2 potions of lignification {!q}
 m - 2 potions of magic
 r - 2 potions of agility
 s - 3 potions of flight
 u - a potion of heal wounds {unknown}
 x - a potion of berserk rage {unknown}
 A - a potion of mutation {!q}
 C - a potion of cancellation {unknown}
 E - a potion of brilliance {unknown}
 H - a potion of ambrosia {unknown}
Comestibles
 f - 6 rations


   Skills:
 + Level 7.2 Fighting
 + Level 6.1 Axes
 + Level 7.3 Armour
 + Level 5.1 Dodging
 + Level 7.9 Shields


You had 9 spell levels left.
You didn't know any spells.
Your spell library contained the following spells:

 Spells                   Type           Power        Failure   Level  Hunger
 Magic Dart               Conj           #...         56%         1    ##.....
 Summon Small Mammal      Summ           #...         56%         1    ##.....
 Call Imp                 Summ           #.......     71%         2    ###....
 Slow                     Hex            #.......     71%         2    ###....
 Call Canine Familiar     Summ           #.......     90%         3    ####...
 Conjure Flame            Conj/Fire      #.......     90%         3    ####...
 Mephitic Cloud           Conj/Pois/Air  #.......     90%         3    ####...
 Summon Guardian Golem    Hex/Summ       #.......     90%         3    ####...
 Summon Ice Beast         Ice/Summ       #.......     100%        4    #####..
 Summon Lightning Spire   Summ/Air       #.......     100%        4    #####..
 Blink                    Tloc           Unusable     N/A         2    N/A

Dungeon Overview and Level Annotations

Branches:
Dungeon (7/15)             Temple (0/1) D:5

Altars:
Makhleb
Trog

Shops:
D:6 %


Innate Abilities, Weirdness & Mutations

You cannot be hasted, slowed, berserked, paralysed or teleported.
You can dig through walls and to a lower floor.
Your four strong arms can wield two-handed weapons with a shield.
You have a pair of large antennae on your head. (SInv)
Your flesh is cold resistant. (rC+)
Your body sometimes deteriorates upon taking damage.
You passively map a small area around you.
Your system is resistant to poisons. (rPois)
Your muscles are strong. (Str +2)
You expend magic power (3 MP) to strengthen your wands.


Message History

No target in view!
No target in view!
No target in view!
No target in view!
D - a wand of polymorph (22) (gained 15 charges)
You feel sick.
You feel sick.
q - 8 scrolls of remove curse (gained 1)
Things that are here:
a short sword of venom; a chain mail Health restored: 79 You feel sick.
You now have 288 gold pieces (gained 8).
You feel sick.
You now have 299 gold pieces (gained 11).
You feel sick.
You feel sick.
You are no longer poisoned.
You now have 307 gold pieces (gained 8).
There is a stone staircase leading down here.
You see here 20 stones.
You now have 318 gold pieces (gained 11).
f - 6 rations (gained 1)
Things that are here:
20 arrows; a shortbow; a centaur skeleton
b - 2 scrolls of identify (gained 1)
A necrophage comes into view.
A wight comes into view. It is wielding a long sword.
The skeletal warrior hits you with a war axe!
You take 7 damage, and have 72/79 hp.
You hit the skeletal warrior but do no damage.
You block the skeletal warrior's attack.
You hit the skeletal warrior.
Lightning courses through the skeletal warrior!
You block the skeletal warrior's attack.
You hit the skeletal warrior. You hit the wight.
You barely miss the necrophage. You block the wight's attack.
The necrophage hits you.
You feel your flesh rotting away!
You block the skeletal warrior's attack.
You take 4 damage, and have 70/78 hp.
The wight closely misses you. The necrophage hits you.
You feel ill.
You feel your flesh rotting away!
You take 2 damage, and have 69/77 hp.
You barely miss the necrophage. The necrophage closely misses you.
You block the skeletal warrior's attack.
You block the skeletal warrior's attack.
The necrophage hits you.
You feel your flesh rotting away!
You take 2 damage, and have 67/76 hp.
Unknown command.
Aim: a skeletal warrior, wielding a war axe (moderately damaged, chance to
Okay, then.
Unknown command.
You barely miss the necrophage. The necrophage hits you.
You take 4 damage, and have 63/76 hp.
You barely miss the necrophage.
The necrophage hits you but does no damage.
You closely miss the necrophage. The necrophage barely misses you.
You slice the necrophage!!
The necrophage hits you but does no damage.
The necrophage barely misses you.
You slash the necrophage!
You destroy the necrophage!
You block the skeletal warrior's attack.
You hit the skeletal warrior but do no damage.
The skeletal warrior hits you with a war axe!
You take 10 damage, and have 53/76 hp.
You hit the skeletal warrior but do no damage.
The skeletal warrior hits you with a war axe!!
You take 23 damage, and have 30/76 hp.
MASSIVE DAMAGE!!
You feel better.
You regained 3 hp, and now have 33/79 hp.
You closely miss the skeletal warrior.
The skeletal warrior hits you with a war axe.
You take 1 damage, and have 32/79 hp.
You hit the skeletal warrior but do no damage.
You block the skeletal warrior's attack.
You completely miss the skeletal warrior.
The skeletal warrior misses you.
You hit the skeletal warrior.
The skeletal warrior hits you with a war axe!!
* * * LOW HITPOINT WARNING * * *
Your body deteriorates!
You feel weakened.
You take 29 damage, and have 4/79 hp.
MASSIVE DAMAGE!!
Okay, then.
Unknown command.
Unknown command.
Unknown command.
Welcome back, mhoghedin the Formicid Fighter.
Okay, then.
Okay, then.
Unknown command.
You feel better.
The skeletal warrior hits you with a war axe!
You die...

, , * * , * , , * *
,,, , , * # , * , ,,.#
..
##.##############.##..
#....@zz....).........
##########......#.....
#............
#..z....#...#
#........#...
#........%#..
#........#...
######..#...# #.......


You could see a skeletal warrior and a wight.

Vanquished Creatures
  The ghost of Amnesiac the Digger, a novice HuEE of Vehumet (D:5)
  Eustachio (D:6)
  A vampire (D:7)
  Edmund (D:5)
  A water moccasin (D:7)
  An orc warrior (D:7)
  An ice beast (D:5)
  A necrophage (D:7)
  A sky beast (D:6)
  An ogre (D:7)
  A phantom (D:5)
  3 centaurs
  2 bullfrogs
  2 scorpions
  4 crimson imps
  A bullfrog zombie (D:7)
  A quasit (D:7)
  2 jellies
  A bullfrog skeleton (D:6)
  An orc priest (D:5)
  A centaur skeleton (D:7)
  2 hounds
  4 orc wizards
  5 iguanas
  6 worker ants
  A killer bee zombie (D:5)
  2 hound skeletons
  A worker ant zombie (D:7)
  2 gnolls (D:1)
  9 adders
  A shadow imp (D:6)
  3 oozes
  An adder skeleton (D:6)
  A worm (D:3)
  A dart slug (D:2)
  6 leopard geckos
  18 orcs
  A giant cockroach (D:4)
  6 goblins
  11 hobgoblins
  2 jackals (D:2)
  4 quokkas
  A ball python (D:7)
  5 bats
  11 frilled lizards
  8 kobolds
  2 leopard gecko skeletons
  14 rats
157 creatures vanquished.

Notes
Turn   | Place    | Note
-------+----------+-------------------------------------------
     0 | D:1      | mhoghedin the Formicid Fighter began the quest for the Orb.
     0 | D:1      | Reached XP level 1. HP: 18/18 MP: 1/1
   114 | D:1      | Reached XP level 2. HP: 24/24 MP: 2/2
   404 | D:1      | Reached XP level 3. HP: 27/29 MP: 3/3
   436 | D:1      | Reached skill level 1 in Dodging
   436 | D:1      | Reached skill level 4 in Shields
   535 | D:1      | Reached XP level 4. HP: 37/37 MP: 4/4
  1022 | D:2      | Found a bloodstained altar of Trog.
  1609 | D:3      | Reached XP level 5. HP: 42/42 MP: 5/5
  1638 | D:3      | Reached skill level 4 in Armour
  1715 | D:3      | Reached skill level 4 in Fighting
  1931 | D:3      | Reached skill level 3 in Axes
  1931 | D:3      | Reached XP level 6. HP: 46/48 MP: 6/6
  1983 | D:3      | Reached skill level 2 in Dodging
  2481 | D:4      | Got a heavily jewelled robe
  2654 | D:4      | Identified the cursed +0 robe "Moofopn" {rElec Regen+
                  | Int-3} (You found it on level 4 of the Dungeon)
  2856 | D:5      | Entered Level 5 of the Dungeon
  2864 | D:5      | Reached skill level 5 in Shields
  2879 | D:5      | Got a sapphire-encrusted ring mail
  2936 | D:5      | Reached XP level 7. HP: 50/55 MP: 7/7
  2938 | D:5      | Identified the +5 ring mail of the Loofah {Int+4} (You
                  | found it on level 5 of the Dungeon)
  3030 | D:5      | Reached skill level 5 in Fighting
  3030 | D:5      | Reached skill level 5 in Armour
  3230 | D:5      | Reached skill level 4 in Axes
  3230 | D:5      | Reached skill level 3 in Dodging
  3230 | D:5      | Reached XP level 8. HP: 46/62 MP: 8/8
  3423 | D:5      | Found a runed door.
  3423 | D:5      | Noticed Amnesiac's ghost (novice HuEE)
  3503 | D:5      | Found a staircase to the Ecumenical Temple.
  3547 | D:5      | Killed Amnesiac's ghost
  3547 | D:5      | Reached skill level 6 in Shields
  3563 | D:5      | Got a faintly glowing robe
  3583 | D:5      | Identified the +1 robe of the Tormentor {MR+ Int+5} (You
                  | found it on level 5 of the Dungeon)
  3807 | D:5      | Found a burning altar of Makhleb.
  3807 | D:5      | Noticed a cacodemon
  3993 | D:5      | Noticed Edmund
  4011 | D:5      | Killed Edmund
  4539 | D:6      | Reached skill level 6 in Armour
  4658 | D:6      | Found Wirgheb's Food Emporium.
  4662 | D:6      | Reached skill level 6 in Fighting
  4670 | D:6      | Reached skill level 5 in Axes
  4670 | D:6      | Reached skill level 4 in Dodging
  4670 | D:6      | Reached XP level 9. HP: 52/69 MP: 9/9
  4885 | D:6      | Gained mutation: You have large cloven feet. [potion of
                  | mutation]
  4885 | D:6      | Gained mutation: Your muscles are strong. (Str +2) [potion
                  | of mutation]
  4885 | D:6      | Gained mutation: Your body sometimes deteriorates upon
                  | taking damage. [potion of mutation]
  4885 | D:6      | Gained mutation: You expend magic power (3 MP) to
                  | strengthen your wands. [potion of mutation]
  4903 | D:6      | Noticed Eustachio
  4918 | D:6      | Killed Eustachio
  4918 | D:6      | Reached skill level 7 in Shields
  5076 | D:7      | Noticed a skeletal warrior
  5084 | D:7      | HP: 17/71 [skeletal warrior/war axe (20)]
  5087 | D:7      | Reached skill level 7 in Armour
  5190 | D:7      | Reached skill level 7 in Fighting
  5259 | D:7      | Reached skill level 5 in Dodging
  5310 | D:7      | Reached skill level 6 in Axes
  5320 | D:7      | Lost mutation: Your body sometimes deteriorates upon taking
                  | damage. [potion of mutation]
  5320 | D:7      | Lost mutation: You have large cloven feet. [potion of
                  | mutation]
  5320 | D:7      | Gained mutation: Your body sometimes deteriorates upon
                  | taking damage. [potion of mutation]
  5320 | D:7      | Gained mutation: You passively map a small area around you.
                  | [potion of mutation]
  5320 | D:7      | Gained mutation: Your system is resistant to poisons.
                  | (rPois) [potion of mutation]
  5320 | D:7      | Gained mutation: Your flesh is cold resistant. (rC+)
                  | [potion of mutation]
  5361 | D:7      | Reached XP level 10. HP: 77/79 MP: 10/10
  5466 | D:7      | HP: 4/79 [skeletal warrior/war axe (30)]
  5467 | D:7      | Slain by a skeletal warrior

Vault maps used:
D:1:      lightli_arrival_boilingwater, minivault_24
D:2:      minmay_misc_feat_chi, bloody_trog
D:3:      corexii_hall_statues_x, minmay_misc_feat_square,
          minmay_misc_feat_room, kennysheep_generic_room_5
D:4:      first_ration, nicolae_underground_beach
D:5:      minmay_temple_entry_mist, ebering_ghost_inner_flame,
          makhleb_altar_promises_db, uniq_edmund
D:6:      serial_shops, shop, uniq_eustachio
D:7:      cheibrodos_fzero, serial_undead, serial_undead_e, serial_undead_d,
          serial_undead_d, serial_undead_d, minmay_misc_feat_secret_circle,
          uniq_menkaure

Skill      XL: |  1  2  3  4  5  6  7  8  9 |
---------------+----------------------------+-----
Dodging        | 1 2 3 4 5 |  5.1
Shields        | 4 5 6 7 |  7.9
Armour         | 4 5 6 7 |  7.3
Fighting       | 4 5 6 7 |  7.2
Axes           | 3 4 5 6 |  6.1

Action                   |  1- 3 |  4- 6 |  7- 9 | 10-12 || total
-------------------------+-------+-------+-------+-------++-------
Melee: War axe           |    70 |   177 |   196 |    16 ||   459
       Kick              |       |       |    21 |       ||    21
  Use: Scroll            |       |     1 |    12 |       ||    13
       Potion            |       |       |     2 |     2 ||     4
  Eat: Chunk             |       |     6 |     1 |       ||     7
       Ration            |       |     2 |     1 |       ||     3
Armor: Scale mail        |    38 |    61 |       |       ||    99
       Robe              |       |     1 |     6 |     2 ||     9
       Ring mail         |       |       |    17 |       ||    17
Dodge: Dodged            |    26 |    58 |   101 |     5 ||   190
Block: Shield            |    34 |    84 |   106 |     8 ||   232

Table legend:
 A = Non-vault XP
 B = Vault XP
 C = Vault XP percentage of total XP
 D = Non-vault monster count
 E = Vault monster count
 F = Vault count percentage of total count
                 A         B        C        D         E       F
            +---------+---------+-------+---------+---------+-------
      Total |    2354 |    1727 |  42.3 |     138 |      19 |  12.1
            +---------+---------+-------+---------+---------+-------
        D:1 |      70 |       0 |   0.0 |      25 |       0 |   0.0
        D:2 |      61 |       0 |   0.0 |      19 |       0 |   0.0
        D:3 |     192 |       3 |   1.5 |      32 |       2 |   5.9
        D:4 |     141 |       0 |   0.0 |      12 |       0 |   0.0
        D:5 |     685 |     565 |  45.2 |      19 |       3 |  13.6
        D:6 |     640 |     208 |  24.5 |      18 |       1 |   5.3
        D:7 |     565 |     951 |  62.7 |      13 |      13 |  50.0
            +---------+---------+-------+---------+---------+-------

Vault maps used:
D:1:      lightli_arrival_boilingwater, minivault_24
D:2:      minmay_misc_feat_chi, bloody_trog
D:3:      corexii_hall_statues_x, minmay_misc_feat_square,
          minmay_misc_feat_room, kennysheep_generic_room_5
D:4:      first_ration, nicolae_underground_beach
D:5:      minmay_temple_entry_mist, ebering_ghost_inner_flame,
          makhleb_altar_promises_db, uniq_edmund
D:6:      serial_shops, shop, uniq_eustachio
D:7:      cheibrodos_fzero, serial_undead, serial_undead_e, serial_undead_d,
          serial_undead_d, serial_undead_d, minmay_misc_feat_secret_circle,
          uniq_menkaure

Table legend:
 A = Turns spent in this place as a percentage of turns spent in the entire game.
 B = Non-inter-level travel turns spent in this place as a percentage of non-inter-level travel turns spent in the entire game.
 C = Inter-level travel turns spent in this place as a percentage of turns spent in this place.
 D = Turns resting spent in this place as a percentage of non-inter-level travel turns spent in this place.
 E = Turns spent auto-exploring this place as a percentage of non-inter-level travel turns spent in this place.
 F = Non-inter-level travel turns spent in this place divided by the number of levels of this place that you've seen.
                   A       B       C       D       E      F
               +-------+-------+-------+-------+-------+----------------------
         Total | 100.0 | 100.0 |   3.4 |  14.3 |  65.0 | 754.7
       Dungeon | 100.0 | 100.0 |   3.4 |  14.3 |  65.0 | 754.7
               +-------+-------+-------+-------+-------+----------------------

Table legend:
 A = Kills in this place as a percentage of kills in entire the game.
 B = Kills by you in this place as a percentage of kills by you in the entire game.
 C = Kills by friends in this place as a percentage of kills by friends in the entire game.
 D = Other kills in this place as a percentage of other kills in the entire game.
 E = Experience gained in this place as a percentage of experience gained in the entire game.
 F = Experience gained in this place divided by the number of levels of this place that you have seen.
                   A       B       C       D       E      F
               +-------+-------+-------+-------+-------+----------------------
         Total | 100.0 | 100.0 |   N/A |   N/A | 100.0 | 583.0
       Dungeon | 100.0 | 100.0 |   N/A |   N/A | 100.0 | 583.0
               +-------+-------+-------+-------+-------+----------------------
